 Dungeon Sprint DCSS version 0.32-a0-427-g448f42529f (webtiles) character file.

Game seed: 11677630254186309792

49935 Revguard the Executioner (level 14, -3/207 HPs)
             Began as a Coglin Berserker on Feb 19, 2024.
             Was the Champion of Trog.
             Succumbed to an ushabti's dark miasma
             ... in the Dungeon (Sprint V: "Ziggurat Sprint") on Feb 22, 2024.
             The game lasted 00:14:35 (1593 turns).

Revguard the Executioner (Coglin Berserker)         Turns: 1593, Time: 00:14:36

Health: -3/207     AC: 33    Str: 23    XL:     14   Next: 53%
Magic:  14/14      EV: 25    Int: 10    God:    Trog [******]
Gold:   0          SH:  0    Dex: 20    Spells: 13/13 levels left

rFire   + . .        p - +11 broad axe of Duty {flame, rCorr SInv Stlth+}
rCold   . . .        y - +16 obsidian axe {drain, demonic, Mesm ^Drain Fly SInv}
rNeg    . . .        A - +15 Maxwell's patent armour {-Cast -Tele rElec Will+ rCorr}
rPois   +            C - +0 helmet {Int+3}
rElec   +            (no cloak)
rCorr   +            (no gloves)
SInv    +            (no boots)
Will    ++++.        z - amulet of Fink {Acrobat Dex+2} Stlth
                     s - ring of the Hare {EV+10}
HPRegen 1.54/turn    E - ring of Piomargh {rPois rF+ Dex+5}
MPRegen 0.14/turn

%: no teleportation, no spellcasting, acrobat
@: berserking, lethally poisoned (-3 -> -29), strong-willed, immotile, flying,
mesmerised, regenerating, slowed, invisible, revved
A: off-hand wielding, slow wielding, warmup strikes, legs shutdown
a: Renounce Religion, Berserk, Trog's Hand, Brothers in Arms


You were in the Dungeon.
You worshipped Trog.
Trog was exalted by your worship.
You visited 1 branch

Inventory:

Hand Weapons
 p - the +11 broad axe of Duty (weapon) {flame, rCorr SInv Stlth+}
   (Trog gifted it to you in the Dungeon)

   SInv:      It lets you see invisible.
   rCorr:     It protects you from acid and corrosion.
   Stlth+:    It makes you more stealthy.
 y - the +16 obsidian axe (offhand) {drain, demonic, Mesm ^Drain Fly SInv}
   (You found it in the Dungeon)

   Mesm:      Its wielder is mesmerised by any visible foes, and it cannot be
   unequipped while any foes are visible.
   SInv:      It lets you see invisible.
   Fly:       It grants you flight.
   ^Drain:    It drains your maximum health when unequipped.
Armour
 A - the +15 Maxwell's patent armour (worn) {-Cast -Tele rElec Will+ rCorr}
   (You found it in the Dungeon)

   rElec:     It insulates you from electricity.
   Will+:     It increases your willpower.
   -Cast:     It prevents spellcasting.
   -Tele:     It prevents most forms of teleportation.
   rCorr:     It protects you from acid and corrosion.
 C - a +0 helmet of intelligence (worn)
Jewellery
 b - the ring "Qanofut" {^Contam rElec Str+3 Dex+6}
   (You found it in the Dungeon)

   [ring of dexterity]

   Str+3:     It affects your strength (+3).
   Dex+6:     It affects your dexterity (+6).
   rElec:     It insulates you from electricity.
   ^Contam:   It causes magical contamination when unequipped.
 q - a +4 ring of protection
 s - the ring of the Hare (left grasper) {EV+10}
   (You took it off a draconian shifter in the Dungeon)

   [ring of evasion]

   EV+10:     It affects your evasion (+10).
 t - an amulet of magic regeneration
 u - an amulet of reflection
 z - the amulet of Fink (around neck) {Acrobat Dex+2}
   (You acquired it in the Dungeon)

   [amulet of the acrobat]

   Acrobat:   It increases your evasion while moving and waiting.
   Dex+2:     It affects your dexterity (+2).
 D - a ring of positive energy
 E - the ring of Piomargh (right grasper) {rPois rF+ Dex+5}
   (You found it in the Dungeon)

   [ring of protection from fire]

   Dex+5:     It affects your dexterity (+5).
   rF+:       It protects you from fire.
   rPois:     It protects you from poison
Wands
 a - a wand of polymorph (15)
 k - a wand of flame (39)
 r - a wand of paralysis (16)
 v - a wand of roots (8)
 w - a wand of mindburst (17)
 x - a wand of quicksilver (7)
 B - a wand of digging (13)
Scrolls
 h - 4 scrolls of blinking
 m - 7 scrolls of fog
 n - 5 scrolls of identify
 o - 2 scrolls of fear
Potions
 c - 10 potions of curing
 d - 6 potions of heal wounds
 e - 10 potions of haste
 f - 7 potions of magic
 g - 3 potions of berserk rage
 i - a potion of invisibility
 j - 4 potions of resistance
 l - 5 potions of might


   Skills:
 * Level 21.2 Fighting
 * Level 21.2 Axes
 + Level 14.7 Armour
 + Level 14.7 Dodging
 + Level 19.4 Evocations


You had 13 spell levels left.
You didn't know any spells.
Your spell library was empty.

Dungeon Overview and Level Annotations

Branches:
Dungeon (1/1)

Altars:
Ashenzari
Cheibriados
Dithmenos
Elyvilon
Fedhas
Gozag
Hepliaklqana
Kikubaaqudgha
Makhleb
Nemelex Xobeh
Okawaru
Qazlal
Ru
Sif Muna
Trog
Uskayaw
Vehumet
Wu Jian
Xom
Yredelemnul
Zin
The Shining One
Beogh
Jiyva
Lugonu

Annotations:
D 1 transporter


Innate Abilities, Weirdness & Mutations

You can wield a second weapon in your off-hand.
It takes a long time for you to wield or remove held weapons.
Your first few attacks do less damage.
Attacking and casting redirects power from your legs.


Message History

You slash the emperor scorpion with the +16 obsidian axe!
You kill the emperor scorpion!
The emperor scorpion's corpse disappears in a puff of smoke!
You catch the helpless emperor scorpion completely off-guard!
You slice the emperor scorpion with the +16 obsidian axe!!
You drain the emperor scorpion.
You catch the helpless emperor scorpion completely off-guard!
You slice the emperor scorpion with the +16 obsidian axe!!
You open a gate to Pandemonium!
A demon appears!
You feel the power of Trog in you as your rage grows.
You kill the emperor scorpion!
The emperor scorpion's corpse disappears in a puff of smoke!
You catch the helpless emperor scorpion completely off-guard!
You slice the emperor scorpion with the +16 obsidian axe!!
You drain the emperor scorpion!
Visions of slaying the emperor scorpion flood into your mind.
You are engulfed in dark miasma.
You are more poisoned.
* * * LOW HITPOINT WARNING * * *
x2 You feel extremely sick.
Your ynoxinul gestures at the royal mummy.
The iron shot hits the royal mummy!!
The royal mummy is destroyed!
Trog accepts your kill.
Trog appreciates your killing of a magic user.
The emperor scorpion disappears in a puff of smoke!
You break out of your daze!
The emperor scorpion disappears in a puff of smoke! x3
You feel extremely nervous for a moment...
Pain shoots through your body!!
* * * LOW HITPOINT WARNING * * *
Your orange demon stings the mummy from afar.
You are too berserk!
You carve the mummy like a ham with the +16 obsidian axe!!!
You destroy the mummy!
Trog accepts your kill.
Visions of slaying the mummy flood into your mind.
You are engulfed in dark miasma.
* * * LOW HITPOINT WARNING * * *
You die...

▓▓▓▓▓▓▓▓▓▓
▓....ß©ß....▓▓.ß©ß.▓.ß©
▓..}?})):|..▓▓.):..▓..|
▓../:)":|:..▓▓..|..▓...
▓...........▓▓.....▓.†.
▓......M....▓▓..)..▓..†
▓..M.9M.Z§..▓▓..)..▓...
▓....4○§3M..▓▓..©..▓..©
▓....§@.....▓▓▓▓▓▓▓▓▓▓▓
▓..▓.343.▓..▓..ß©ß...▓.
▓......°....▓..).....▓.
▓.....©.☼...▓...=....▓.
▓▓▓▓▓▓▓▓▓▓▓▓▓..).....▓.
▓....ß©ß....▓..)))...▓.
▓.....:))|..▓.▓....▓.▓.
▓....)|%)|..▓...©....▓.
▓...........▓▓▓▓▓▓▓▓▓▓▓


You could see 2 mummy priests, an ushabti (ally target), 2 mummies, an adder
skeleton (unable to see you), a friendly soul eater (summoned), a friendly sun
demon (summoned), a friendly orange demon (summoned), a friendly ynoxinul
(summoned) and a friendly chaos spawn (summoned).

Vanquished Creatures
  A royal mummy (D)
  2 caustic shrikes (D)
  An acid blob (D)
  2 ancient champions (D)
  A rockslime (D)
  An azure jelly (D)
  2 iron dragons (D)
  2 draconian knights (D)
  2 draconian shifters (D)
  A draconian stormcaller (D)
  4 black draconians (D)
  2 red draconians (D)
  4 green draconians (D)
  2 white draconians (D)
  3 purple draconians (D)
  3 yellow draconians (D)
  A mummy priest (D)
  An iron golem (D)
  3 two-headed ogres (D)
  A crystal echidna (D)
  2 wolf spiders (D)
  2 deep elf zephyrmancers (D)
  3 draconians (D)
  A cyclops (D)
  A smoke demon (D)
  A hellion (D)
  A guardian mummy (D)
  6 merfolk (D)
  2 wind drakes (D)
  3 tarantellas (D)
  2 slime creatures (D)
  2 air elementals (D)
  A neqoxec (D)
  4 hell hounds (D)
  A black bear (D)
  2 ogres (D)
  A wolf (D)
  2 scorpions (D)
  A crimson imp (D)
  A jelly (D)
  A quasit (D)
  2 iron imps (D)
  2 iguanas (D)
  2 mummies (D)
  2 river rats (D)
  2 white imps (D)
  3 ufetubi (D)
  2 endoplasms (D)
  A jackal (D)
  A ball python skeleton (D)
  A giant cockroach zombie (D)
97 creatures vanquished.

Vanquished Creatures (collateral kills)
  A royal mummy (D)
  A quicksilver elemental (D)
  An iron dragon (D)
  A purple draconian (D)
  2 yellow draconians (D)
  An eye of devastation (D)
  A black bear (D)
  A jelly (D)
  An iron imp (D)
  A giant cockroach zombie (D)
11 creatures vanquished.

Grand Total: 108 creatures vanquished

Notes
Turn   | Place    | Note
-------+----------+-------------------------------------------
     0 | D        | Revguard the Coglin Berserker began the quest for the Orb.
     0 | D        | Reached XP level 1. HP: 18/18 MP: 1/1
     0 | D        | Upgraded the game from 0.32-a0-377-g951292165a to
                  | 0.32-a0-427-g448f42529f
     0 | D        | Found a shimmering blue altar of Sif Muna.
     0 | D        | Found a bloodstained altar of Trog.
     0 | D        | Found a sacrificial altar of Ru.
     0 | D        | Found a stormy altar of Qazlal.
     0 | D        | Found an iron altar of Okawaru.
     1 | D        | Found a sparkling altar of Nemelex Xobeh.
     1 | D        | Found a blossoming altar of Fedhas.
     1 | D        | Found the +6 Majin-Bo {spellvamp, MP+6 Int+6}
     1 | D        | Found the +27 heavy crossbow "Sniper" {heavy, Acc+∞ SInv}
     1 | D        | Found the +10 dark maul {heavy}
     1 | D        | Found the +15 Maxwell's patent armour {-Cast -Tele rElec
                  | Will+ rCorr}
     1 | D        | Found the +18 shield of the Gong {Loud rN+ Will+ rCorr
                  | EV-5}
     1 | D        | Found the +16 obsidian axe {drain, demonic, Mesm ^Drain Fly
                  | SInv}
     1 | D        | Found the +7 great mace "Firestarter" {flame, immolate,
                  | rFlCloud rF++}
     1 | D        | Found the +6 shillelagh "Devastator" {shatter}
     1 | D        | Found the +11 plutonium sword {^Contam Stlth-}
     1 | D        | Found the +8 lance "Wyrmbane" {slay drac, rPois rF+ rC+
                  | AC+3}
     1 | D        | Found the +9 sword of Zonguldrok {reap}
     1 | D        | Found the +13 scythe of Curses {drain, curses, ^Drain}
     1 | D        | Found the +9 sword of Power {lifebolt}
     1 | D        | Found the +7 mace of Variability {chaos, chaos arc}
     1 | D        | Found the +11 Singing Sword {sonic wave}
     1 | D        | Found the +8 storm bow {elec, penet}
     2 | D        | Banished a spatial maelstrom
     3 | D        | Found a transporter.
     3 | D        | Found an ancient bone altar of Kikubaaqudgha.
     3 | D        | Found a viscous altar of Jiyva.
     3 | D        | Found a corrupted altar of Lugonu.
     3 | D        | Found a hazy altar of Hepliaklqana.
     3 | D        | Found a burning altar of Makhleb.
     3 | D        | Found an opulent altar of Gozag.
   110 | D        | Entered arena 2.
   110 | D        | Noticed a quasit
   110 | D        | Found a transporter.
   112 | D        | Killed a quasit
   113 | D        | Reached XP level 2. HP: 26/26 MP: 2/2
   113 | D        | Reached XP level 3. HP: 31/31 MP: 3/3
   122 | D        | Entered arena 3.
   122 | D        | Noticed a black bear
   122 | D        | Noticed a wolf
   122 | D        | Noticed a black bear
   122 | D        | Found a transporter.
   125 | D        | Killed a black bear
   125 | D        | Reached ** piety under Trog
   126 | D        | Reached XP level 4. HP: 29/40 MP: 4/4
   126 | D        | Reached XP level 5. HP: 33/46 MP: 5/5
   126 | D        | Killed a wolf
   126 | D        | Killed a black bear
   127 | D        | Reached XP level 6. HP: 40/55 MP: 6/6
   178 | D        | Entered arena 4.
   178 | D        | Noticed a deep elf zephyrmancer
   178 | D        | Noticed an air elemental
   178 | D        | Noticed a deep elf zephyrmancer
   178 | D        | Noticed an air elemental
   178 | D        | Found a transporter.
   178 | D        | Paralysed by an air elemental for 1 turns
   181 | D        | Paralysed by an air elemental for 1 turns
   182 | D        | Noticed an orange demon
   184 | D        | Killed an air elemental
   184 | D        | Killed a deep elf zephyrmancer
   184 | D        | Reached *** piety under Trog
   185 | D        | Reached XP level 7. HP: 42/64 MP: 7/7
   185 | D        | Reached XP level 8. HP: 47/71 MP: 8/8
   185 | D        | Killed an air elemental
   186 | D        | Killed a deep elf zephyrmancer
   186 | D        | Reached **** piety under Trog
   187 | D        | Reached skill level 10 in Fighting
   187 | D        | Reached skill level 10 in Axes
   200 | D        | Reached XP level 9. HP: 54/81 MP: 9/9
   281 | D        | Entered arena 5.
   281 | D        | Noticed a black draconian
   281 | D        | Noticed a draconian
   281 | D        | Noticed a draconian
   281 | D        | Noticed a draconian
   281 | D        | Found a transporter.
   285 | D        | Killed a draconian
   286 | D        | Reached skill level 10 in Evocations
   286 | D        | Reached XP level 10. HP: 88/89 MP: 10/10
   289 | D        | Killed a draconian
   289 | D        | Killed a draconian
   289 | D        | Reached ***** piety under Trog
   291 | D        | Killed a black draconian
   319 | D        | Entered arena 6.
   319 | D        | Found a transporter.
   321 | D        | Received a gift from Trog
   336 | D        | Entered arena 7.
   336 | D        | Noticed a two-headed ogre
   336 | D        | Noticed a cyclops
   336 | D        | Noticed a two-headed ogre
   336 | D        | Noticed a two-headed ogre
   337 | D        | Found a transporter.
   342 | D        | Killed a two-headed ogre
   342 | D        | Killed a two-headed ogre
   343 | D        | Killed a cyclops
   343 | D        | Received a gift from Trog
   343 | D        | Killed a two-headed ogre
   344 | D        | Reached XP level 11. HP: 99/99 MP: 11/11
   356 | D        | Entered arena 8.
   357 | D        | Found a transporter.
   361 | D        | Reached ****** piety under Trog
   384 | D        | Entered arena 9.
   384 | D        | Noticed a wolf spider
   384 | D        | Noticed a wolf spider
   385 | D        | Found a transporter.
   389 | D        | Killed a wolf spider
   390 | D        | Killed a wolf spider
   391 | D        | Reached skill level 10 in Armour
   391 | D        | Reached skill level 10 in Dodging
   400 | D        | Entered arena 10.
   401 | D        | Found a transporter.
   413 | D        | Reached skill level 15 in Fighting
   413 | D        | Reached skill level 15 in Axes
   424 | D        | Received a gift from Trog
   440 | D        | Got the +1 war axe "Unyeqeed" {drain, rPois rCorr}
   676 | D        | Entered arena 11.
   677 | D        | Found a transporter.
   694 | D        | Got the ring of Piomargh {rPois rF+ Dex+5}
   722 | D        | Entered arena 12.
   722 | D        | Noticed an azure jelly
   723 | D        | Noticed a rockslime
   723 | D        | Noticed an acid blob
   724 | D        | Found a transporter.
   731 | D        | Killed a rockslime
   732 | D        | Killed an azure jelly
   732 | D        | Received a gift from Trog
   733 | D        | Reached XP level 12. HP: 46/111 MP: 12/12
   734 | D        | Killed an acid blob
   747 | D        | Got the ring "Qanofut" {^Contam rElec Str+3 Dex+6}
   924 | D        | Entered arena 13.
   924 | D        | Noticed a quicksilver elemental
   924 | D        | Noticed an iron dragon
   924 | D        | Noticed an iron golem
   924 | D        | Noticed a caustic shrike
   924 | D        | Noticed an iron dragon
   924 | D        | Noticed an ancient champion
   924 | D        | Noticed an iron dragon
   925 | D        | Noticed a caustic shrike
   925 | D        | Noticed a crystal echidna
   925 | D        | Noticed an ancient champion
   932 | D        | Killed a caustic shrike
   932 | D        | Killed a quicksilver elemental
   933 | D        | Reached skill level 15 in Evocations
   936 | D        | Killed a caustic shrike
   940 | D        | Killed an ancient champion
   940 | D        | Received a gift from Trog
   940 | D        | Killed a crystal echidna
   944 | D        | Killed an iron dragon
   945 | D        | Reached XP level 13. HP: 80/122 MP: 13/13
   946 | D        | Killed an ancient champion
   947 | D        | Killed an iron golem
   949 | D        | Killed an iron dragon
   949 | D        | Killed an iron dragon
   949 | D        | Identified the +11 broad axe of Duty {flame, rCorr SInv
                  | Stlth+} (Trog gifted it to you in the Dungeon)
   949 | D        | Received a gift from Trog
   956 | D        | Found a transporter.
   989 | D        | Acquired the amulet of Fink {Acrobat Dex+2}
  1171 | D        | Entered arena 14.
  1172 | D        | Noticed a green draconian
  1172 | D        | Noticed a green draconian
  1172 | D        | Noticed a black draconian
  1172 | D        | Noticed a red draconian
  1172 | D        | Noticed a black draconian knight
  1172 | D        | Noticed a purple draconian shifter
  1172 | D        | Noticed a black draconian knight
  1172 | D        | Noticed a black draconian
  1173 | D        | Noticed a white draconian stormcaller
  1173 | D        | Noticed a green draconian
  1173 | D        | Noticed a purple draconian shifter
  1173 | D        | Noticed a yellow draconian
  1174 | D        | Found a transporter.
  1182 | D        | Killed a purple draconian shifter
  1182 | D        | Killed a black draconian knight
  1182 | D        | Killed a green draconian
  1182 | D        | Killed a green draconian
  1182 | D        | Received a gift from Trog
  1182 | D        | Killed a yellow draconian
  1183 | D        | Killed a red draconian
  1183 | D        | Killed a green draconian
  1186 | D        | Killed a black draconian knight
  1189 | D        | Killed a black draconian
  1190 | D        | Killed a purple draconian shifter
  1190 | D        | Received a gift from Trog
  1194 | D        | Killed a white draconian stormcaller
  1199 | D        | Killed a black draconian
  1384 | D        | Entered arena 15.
  1385 | D        | Noticed a purple draconian
  1385 | D        | Noticed a white draconian
  1385 | D        | Noticed a green draconian
  1385 | D        | Noticed a red draconian
  1385 | D        | Noticed a purple draconian
  1385 | D        | Noticed a black draconian
  1385 | D        | Noticed a purple draconian
  1385 | D        | Noticed a yellow draconian
  1385 | D        | Noticed a yellow draconian
  1385 | D        | Noticed a white draconian
  1385 | D        | Noticed a yellow draconian
  1387 | D        | Noticed a purple draconian
  1388 | D        | Noticed a yellow draconian
  1392 | D        | Killed a red draconian
  1392 | D        | Killed a white draconian
  1394 | D        | Killed a white draconian
  1397 | D        | Killed a purple draconian
  1397 | D        | Received a gift from Trog
  1397 | D        | Killed a yellow draconian
  1398 | D        | Reached XP level 14. HP: 135/135 MP: 14/14
  1399 | D        | Found a transporter.
  1400 | D        | Killed a yellow draconian
  1401 | D        | Killed a purple draconian
  1402 | D        | Killed a black draconian
  1402 | D        | Killed a purple draconian
  1402 | D        | Killed a yellow draconian
  1402 | D        | Killed a purple draconian
  1406 | D        | Killed a yellow draconian
  1408 | D        | Killed a green draconian
  1575 | D        | Entered arena 16.
  1576 | D        | Noticed a royal mummy
  1577 | D        | Noticed a royal mummy
  1579 | D        | Found a transporter.
  1580 | D        | Received a gift from Trog
  1584 | D        | Noticed an emperor scorpion
  1584 | D        | Noticed an emperor scorpion
  1584 | D        | Noticed an emperor scorpion
  1591 | D        | Killed a royal mummy
  1592 | D        | Noticed an emperor scorpion
  1592 | D        | Noticed an emperor scorpion
  1592 | D        | Noticed an emperor scorpion
  1592 | D        | Noticed an emperor scorpion
  1592 | D        | Killed a royal mummy
  1592 | D        | HP: 4/207 [something (21)]
  1593 | D        | Succumbed to an ushabti's dark miasma

Illustrated notes

Levels and vault maps discovered:
D:        sprint_v [room_start, room_1, room_2, room_3, room_4, room_5, room_6,
          room_7, room_8, room_9, room_10, room_11, room_12, room_13, room_14,
          room_15, room_16, room_17, room_18, room_19, room_20, room_21,
          room_22, room_23, room_24, room_25, room_26, room_27]

Skill      XL: |  1  2  3  4  5  6  7  8  9 10 11 12 13 14 |
---------------+-------------------------------------------+-----
Fighting       | 4 6 7 9 11 13 16 17 20 21 | 21.2
Axes           | 4 6 7 9 11 13 16 17 20 21 | 21.2
Armour         | 2 3 4 6 7 9 11 12 13 14 | 14.7
Dodging        | 2 3 4 6 7 9 11 12 13 14 | 14.7
Evocations     | 2 4 6 8 9 10 12 14 16 18 19 | 19.4

Action                     |  1- 3 |  4- 6 |  7- 9 | 10-12 | 13-15 || total
---------------------------+-------+-------+-------+-------+-------++-------
  Melee: Broad axe         |     4 |     4 |     6 |    48 |    74 ||   136
         Shillelagh        |     2 |     4 |     5 |    24 |       ||    35
         War axe           |       |       |       |    26 |     5 ||    31
 Invoke: Berserk           |       |       |       |     4 |     3 ||     7
         Trog's Hand       |       |       |       |     4 |     3 ||     7
         Brothers in Arms  |       |       |       |     3 |     4 ||     7
    Use: Potion            |       |     1 |     1 |     2 |     2 ||     6
         Scroll            |       |       |       |       |     1 ||     1
   Stab: Distracted        |       |       |       |       |     1 ||     1
         Invisible         |       |       |       |       |    13 ||    13
 Armour: Plate armour      |     9 |    28 |    11 |   121 |    58 ||   227
  Dodge: Dodged            |     5 |     8 |     2 |    60 |    77 ||   152

Table legend: (Time is in decaauts)
 A = Elapsed time spent in this place.
 B = Non-inter-level travel time spent in this place.
 C = Inter-level travel time spent in this place.
 D = Time resting spent in this place.
 E = Time spent auto-exploring this place.
 F = Levels seen in this place.
 G = Mean time per level.
                   A        B        C        D        E       F      G
               +--------+--------+--------+--------+--------+-----+--------+
         Total |   1610 |   1610 |      0 |    943 |     45 |   1 | 1610.0 |
       Dungeon |   1610 |   1610 |      0 |    943 |     45 |   1 | 1610.0 |
               +--------+--------+--------+--------+--------+-----+--------+

Top non-repeatable levels by time:
       D: 1610 daAuts
